 Dungeon Crawl Stone Soup version 0.31-a0-536-ga3e2962e35 (webtiles) character file.

Game seed: 4702121426275032921

2120 Morbidden the Conjurer (level 9, -4/65 HPs)
             Began as a Demonspawn Conjurer on Aug 13, 2023.
             Was a Follower of Cheibriados.
             Slain by a gnoll sergeant
             ... wielding a +0 bardiche
              (19 damage)
             ... in a bailey.
             The game lasted 00:06:48 (6985 turns).

Morbidden the Conjurer (Demonspawn Conjurer)        Turns: 6985, Time: 00:06:49

Health: -4/65      AC: 10    Str: 11    XL:     9   Next: 8%
Magic:  13/16      EV: 12    Int: 26    God:    Cheibriados [*.....]
Gold:   376        SH:  0    Dex: 15    Spells: 10/17 levels left

rFire   . . .        a - +1 dagger (spect)
rCold   . . .        (no shield)
rNeg    . . .        m - +0 ring mail
rPois   .            y - +1 hat
rElec   .            i - +0 cloak
rCorr   .            (no gloves)
SInv    .            (no boots)
Will    .....        (no amulet)
Stlth   ++           d - +4 ring of slaying
HPRegen 0.30/turn    E - +4 ring of slaying
MPRegen 0.15/turn

%: no passive effects
@: weakened, very slow
A: icy blue scales 1, spiny 1, demonic touch 2
a: Renounce Religion, Bend Time


You were in a bailey.
You worshipped Cheibriados.
Cheibriados was aware of your devotion.
You visited 2 branches of the dungeon, and saw 8 of its levels.
You also visited: Sewer and Bailey.

You collected 376 gold pieces.

Inventory:

Hand Weapons
 a - a +1 spectral dagger (weapon)
Missiles
 l - 4 throwing nets
Armour
 i - a +0 cloak (worn)
 j - a +0 helmet
 m - a +0 ring mail (worn)
 y - a +1 hat (worn)
Jewellery
 d - a +4 ring of slaying (left hand)
 n - a ring of protection from fire
 s - a ring of protection from fire
 t - a +6 ring of dexterity
 E - a +4 ring of slaying (right hand)
Wands
 e - a wand of polymorph (10)
 B - a wand of paralysis (12)
Scrolls
 h - 2 scrolls of immolation
 o - a scroll of brand weapon
 q - a scroll of fear
 r - a scroll of teleportation {unknown}
 w - a scroll of poison {unknown}
 D - a scroll of revelation {unknown}
Potions
 b - a potion of magic
 c - 2 potions of lignification
 f - 2 potions of invisibility {unknown}
 g - 2 potions of enlightenment
 k - a potion of attraction {unknown}
 p - a potion of might
 x - 2 potions of ambrosia {unknown}
 z - a potion of degeneration {unknown}
 A - a potion of curing
 C - a potion of berserk rage {unknown}


   Skills:
 * Level 4.2 Fighting
 + Level 2.7 Short Blades
 * Level 0.1(1.6) Long Blades
 + Level 4.7 Armour
 * Level 4.4 Dodging
 + Level 2.7 Stealth
 + Level 0.4 Unarmed Combat
 * Level 4.9 Spellcasting
 * Level 6.8 Conjurations
 + Level 0.2 Evocations


You had 10 spell levels left.
You knew the following spells:

 Your Spells              Type           Power      Damage    Failure   Level
a - Magic Dart            Conj           100%       1d8       1%          1
b - Searing Ray           Conj           84%        2d7       1%          2
z - Iskenderun's Mystic   Conj/Tloc      24%        2d7       38%         4

Your spell library contained the following spells:

 Spells                   Type           Power      Damage    Failure   Level
 Dazzling Flash           Conj/Hex       48%        N/A       12%         3
 Slow                     Hex            24%        N/A       17%         1
 Fulminant Prism          Conj/Hex       12%        3d9       38%         4
 Confusing Touch          Hex            6%         N/A       45%         3
 Summon Guardian Golem    Hex/Summ       6%         N/A       45%         3
 Tukima's Dance           Hex            6%         N/A       45%         3
 Vampiric Draining        Necr           6%         2d6       45%         3
 Passage of Golubria      Tloc           6%         N/A       86%         4
 Yara's Violent Unravell  Hex/Tmut       3%         3d4       99%         5
 Orb of Destruction       Conj           21%        9d8       100%        7
 Spellforged Servitor     Conj/Summ      12%        N/A       100%        7


Dungeon Overview and Level Annotations

Branches:
Dungeon (7/15)             Temple (1/1) D:5           Sewer (visited)
 Bailey (1/1)

Altars:
Ashenzari
Cheibriados
Dithmenos
Fedhas
Hepliaklqana
Kikubaaqudgha
Makhleb
Nemelex Xobeh
Qazlal
Ru
Sif Muna
Trog
Uskayaw
Vehumet
Wu Jian
Xom
Yredelemnul


Innate Abilities, Weirdness & Mutations

You are partially covered in icy blue scales. (AC +2)
You are partially covered in sharp spines.
Your touch may inflict irresistible damage on your foes.


Message History

The gnoll closely misses you.
Unknown command.
Unknown command.
Unknown command.
You hit the gnoll sergeant but do no damage.
The gnoll sergeant is severely wounded.
Your +1 spectral dagger hits the gnoll sergeant but does no damage.
The gnoll bouda gazes fiercely through you!
You feel as though you will be weak longer.
The gnoll bouda completely misses you.
The gnoll sergeant hits you with a +0 bardiche!
* * * LOW HITPOINT WARNING * * *
The gnoll closely misses you.
Unknown command.
Unknown command.
Unknown command.
You hit the gnoll sergeant but do no damage.
Your touch misses the gnoll sergeant.
The gnoll sergeant is severely wounded.
Your +1 spectral dagger hits the gnoll sergeant.
Unknown command.
Unknown command.
Unknown command.
Casting: Searing Ray (safe; 1% risk of failure)
Confirm with . or Enter, or press ? or * to list all spells.
Okay, then.
Unknown command.
Unknown command.
Okay, then.
Your +1 spectral dagger disappears.
The gnoll sergeant closely misses you. The gnoll sergeant barely misses you.
Unknown command.
Unknown command.
Unknown command.
Aiming: Paralyse
Press: ? - help, Shift-Dir - straight line, f - gnoll sergeant
Aim: a gnoll sergeant, wielding a +0 bardiche and wearing a +0 chain mail (severely wounded, covering ground quickly, chance to affect: 49%)
The gnoll sergeant resists with some effort.
The gnoll sergeant hits you from afar with a +0 bardiche!!
You die...

≈≈≈≈≈≈≈≈≈≈
........
......
#...#####
#...#...##
+)).'....#
#.g.#.....#
##g## ..g8#
##..@##
...#
##.....##
g.#
#.......#
.#
#...8...# #
♣≈
#.......#
♣≈
##.....##
♣≈ ##...##
♣≈ ##)## ♣≈
#...# ≈♣


You could see a gnoll sergeant (swift) and a gnoll bouda.

Vanquished Creatures
  A kobold demonologist (D:6)
  Grinder (D:4)
  Menkaure (D:4)
  2 ice beasts
  3 black bears
  A phantom (D:6)
  A centaur (D:6)
  2 bullfrogs (D:6)
  A gnoll sergeant (Bailey)
  5 jellies
  A gnoll bouda (Bailey)
  2 hounds (Bailey)
  6 iguanas
  A sleepcap (D:5)
  Ijyb (D:4)
  An orc wizard (D:4)
  2 river rats (Sewer)
  5 adders
  8 gnolls (Bailey)
  A shadow imp (D:6)
  2 white imps (D:6)
  An ufetubus (D:6)
  2 worms (D:3)
  4 dart slugs
  7 orcs
  9 ball pythons
  11 endoplasms
  4 giant cockroaches
  3 hobgoblins
  3 jackals (D:5)
  10 kobolds
  4 bats
  6 frilled lizards
  8 goblins
  18 rats
138 creatures vanquished.

Notes
Turn   | Place    | Note
-------+----------+-------------------------------------------
     0 | D:1      | Morbidden the Demonspawn Conjurer began the quest for the
                  | Orb.
     0 | D:1      | Reached XP level 1. HP: 13/13 MP: 3/3
   194 | D:1      | Gained mutation: You are partially covered in icy blue
                  | scales. (AC +2) [demonic ancestry]
   194 | D:1      | Reached XP level 2. HP: 20/20 MP: 3/5
   445 | D:1      | Reached skill level 1 in Fighting
   853 | D:1      | Found a faded altar of an unknown god.
   963 | D:2      | Gained mutation: Your touch may inflict minor irresistible
                  | damage on your foes. [demonic ancestry]
   963 | D:2      | Reached XP level 3. HP: 26/26 MP: 6/6
  1274 | D:2      | Learned a level 2 spell: Searing Ray
  1441 | D:3      | Found a glowing drain.
  1460 | Sewer    | Entered a sewer
  1491 | Sewer    | Reached XP level 4. HP: 32/32 MP: 3/7
  1968 | Sewer    | Reached skill level 5 in Conjurations
  1968 | Sewer    | Reached XP level 5. HP: 38/38 MP: 2/8
  2019 | Sewer    | Found a viscous altar of Jiyva.
  2779 | D:4      | Noticed Grinder
  2796 | D:4      | Killed Grinder
  2797 | D:4      | Reached skill level 1 in Short Blades
  2797 | D:4      | Reached skill level 1 in Armour
  2797 | D:4      | Gained mutation: You are partially covered in sharp spines.
                  | [demonic ancestry]
  2797 | D:4      | Reached XP level 6. HP: 18/46 MP: 6/10
  3085 | D:4      | Noticed Ijyb
  3093 | D:4      | Killed Ijyb
  3318 | D:4      | Noticed Menkaure
  3325 | D:4      | Killed Menkaure
  3326 | D:4      | Reached XP level 7. HP: 11/51 MP: 7/12
  3629 | D:5      | Entered Level 5 of the Dungeon
  3659 | D:5      | Reached skill level 6 in Conjurations
  3758 | D:5      | Found a staircase to the Ecumenical Temple.
  3778 | Temple   | Entered the Ecumenical Temple
  3781 | Temple   | Became a worshipper of Cheibriados the Contemplative
  4214 | D:5      | Found a hazy altar of Hepliaklqana.
  4349 | D:5      | Found a sparkling altar of Nemelex Xobeh.
  4609 | D:6      | Reached XP level 8. HP: 58/58 MP: 13/13
  5013 | D:6      | Noticed a kobold demonologist
  5025 | D:6      | Killed a kobold demonologist
  5150 | D:6      | Reached * piety under Cheibriados
  5431 | D:7      | Found a flagged portal.
  5447 | Bailey   | Entered a bailey
  5458 | Bailey   | Gained mutation: Your touch may inflict irresistible damage
                  | on your foes. [demonic ancestry]
  5458 | Bailey   | Reached XP level 9. HP: 40/65 MP: 16/16
  5644 | Bailey   | Learned a level 4 spell: Iskenderun's Mystic Blast
  6606 | Bailey   | HP: 3/65 [gnoll bouda/+0 spear (8)]
  6985 | Bailey   | Slain by a gnoll sergeant

Illustrated notes

Levels and vault maps discovered:
D:1:      minmay_arrival_hallway, layout_basic,
          hellmonk_ecumenical_altar_heavens_door, lexackson_kobold_supper
D:2:      layout_rooms, minmay_misc_feat_columns
D:3:      layout_rooms, cheibrodos_sewer_entry_bend, serial_forest,
          infiniplex_forest_fountain, infiniplex_forest_pool,
          infiniplex_forest_straight_2, infiniplex_forest_lined_2
D:4:      layout_basic, uniq_menkaure, uniq_grinder, uniq_ijyb
D:5:      layout_loops_cross, mainiacjoe_overflow_large_starburst,
          minmay_temple_entry_offerings
D:6:      cheibrodos_barr_body, layout_rooms
D:7:      layout_loops_corners, enter_bailey_6, minmay_circle_x,
          uniq_crazy_yiuf_cottage, uniq_maggie
Temple:   dpeg_three_leaves_temple
Bailey:   bailey_polearm_gnolls_kennysheep, bailey

Skill      XL: |  1  2  3  4  5  6  7  8 |
---------------+-------------------------+-----
Fighting       | 1 2 3 4 |  4.2
Dodging        | 2 3 4 |  4.4
Stealth        | 2 |  2.7
Conjurations   | 5 6 |  6.8
Short Blades   | 1 2 |  2.7
Armour         | 1 2 4 |  4.7
Spellcasting   | 3 4 |  4.9
Long Blades    | |  0.1
Unarmed Combat | |  0.4
Evocations     | |  0.2

Action                     |  1- 3 |  4- 6 |  7- 9 || total
---------------------------+-------+-------+-------++-------
  Melee: Unarmed           |    18 |       |       ||    18
         Short sword       |    20 |       |       ||    20
         Dagger            |    43 |    44 |    98 ||   185
         Touch             |     8 |     8 |    16 ||    32
         Punch             |     1 |       |     2 ||     3
   Cast: Magic Dart        |    21 |    62 |     2 ||    85
         Searing Ray       |       |     6 |    11 ||    17
  Evoke: Wand              |       |       |     4 ||     4
    Use: Scroll            |     2 |     2 |     4 ||     8
         Potion            |       |     1 |     3 ||     4
   Stab: Sleeping          |     9 |       |       ||     9
         Paralysed         |       |       |     1 ||     1
 Armour: Robe              |    18 |       |       ||    18
         Ring mail         |     2 |    23 |    71 ||    96
         Skin              |       |       |    10 ||    10
  Dodge: Dodged            |    33 |    19 |    83 ||   135

Table legend: (Time is in decaauts)
 A = Elapsed time spent in this place.
 B = Non-inter-level travel time spent in this place.
 C = Inter-level travel time spent in this place.
 D = Time resting spent in this place.
 E = Time spent auto-exploring this place.
 F = Levels seen in this place.
 G = Mean time per level.
                   A        B        C        D        E       F      G
               +--------+--------+--------+--------+--------+-----+--------+
         Total |   7355 |   7205 |    150 |   1369 |   4905 |  10 |  735.5 |
       Dungeon |   5022 |   4874 |    148 |      0 |   4159 |   7 |  717.4 |
        Temple |      7 |      5 |      2 |      0 |      0 |   1 |    7.0 |
         Sewer |    756 |    756 |      0 |      0 |    636 |   1 |  756.0 |
        Bailey |   1569 |   1569 |      0 |   1369 |    110 |   1 | 1569.0 |
               +--------+--------+--------+--------+--------+-----+--------+

Top non-repeatable levels by time:
  Bailey: 1569 daAuts
     D:5: 1084 daAuts
     D:6: 1013 daAuts
     D:1: 959 daAuts
     D:4: 896 daAuts
   Sewer: 756 daAuts
     D:3: 596 daAuts
     D:2: 448 daAuts
     D:7: 23 daAuts
  Temple: 7 daAuts
